 Dungeon Crawl Stone Soup version 0.22-a0-830-gf552829 (webtiles) character file.

464 tatocazan the Cudgeler (level 6, -2/59 HPs)
             Began as a Troll Fighter on July 24, 2018.
             Was a Follower of Okawaru.
             Killed from afar by Natasha (6 damage)
             ... with a magic dart
             ... on level 4 of the Dungeon.
             The game lasted 00:05:55 (2953 turns).

tatocazan the Cudgeler (Troll Fighter)              Turns: 2953, Time: 00:05:56

Health: -2/59      AC:  5    Str: 30    XL:     6   Next: 80%
Magic:  5/5        EV:  8    Int:  4    God:    Okawaru [*.....]
Gold:   161        SH:  9    Dex: 11    Spells: 5/5 levels left

rFire    . . .     SeeInvis .   a - +0 flail
rCold    . . .     Gourm    +   c - +0 shield
rNeg     . . .     Faith    .   b - +0 robe
rPois    .         Spirit   .   (helmet restricted)
rElec    .         Reflect  .   (no cloak)
rCorr    .         Harm     .   (gloves unavailable)
MR       .....                  (boots unavailable)
Stlth    +.........             (no amulet)
HPRegen  0.59/turn              (no ring)
MPRegen  0.09/turn              (no ring)

@: mighty, lethally poisoned (-2 -> -3), flying
A: large, unfitting armour, claws 3, fast metabolism 3, gourmand, regeneration
1, shaggy fur 1, tough skin 2
a: Heroism, Renounce Religion


You were on level 4 of the Dungeon.
You worshipped Okawaru.
Okawaru was aware of your devotion.
You were not hungry.

You visited 1 branch of the dungeon, and saw 4 of its levels.
You also visited: Sewer.

You collected 161 gold pieces.

Inventory:

Hand Weapons
 a - a +0 flail (weapon)
Missiles
 r - a throwing net (quivered)
Armour
 b - a +0 robe (worn)
 c - a +0 shield (worn)
Scrolls
 e - 3 scrolls of identify {unknown}
 h - a scroll of noise {unknown}
 i - 3 scrolls of teleportation {unknown}
 j - a scroll of amnesia {unknown}
 m - a scroll of remove curse {unknown}
 q - a scroll of random uselessness {unknown}
Potions
 d - 2 potions of might
 g - a potion of curing {unknown}
 l - a potion of resistance {unknown}
 n - a potion of haste {unknown}
 o - a potion of agility {unknown}
 p - a potion of flight
Comestibles
 f - 9 rations


   Skills:
 - Level 2.4 Fighting
 + Level 6.8 Maces & Flails
 - Level 2.4 Dodging
 - Level 2.4 Shields


You had 5 spell levels left.
You didn't know any spells.
Your spell library was empty.

Dungeon Overview and Level Annotations

Branches:
Dungeon (4/15)
 Temple: D:4-7

Altars:
Elyvilon
Okawaru
Qazlal
Yredelemnul

Annotations:
D:4 Natasha


Innate Abilities, Weirdness & Mutations

You are too large for most types of armour.
You have claws for hands.
Your metabolism is lightning-fast.
You like to eat raw meat.
Your natural rate of healing is unusually fast.
You are covered in fur. (AC +1)
You have very tough skin. (AC +2)


Message History

You sock the gnoll!
You kill the gnoll!
Okawaru accepts your kill.
You feel sick.
The white imp hits you but does no damage.
Natasha barely misses you. The gnoll barely misses you.
You feel much better. You block the white imp's attack.
Natasha claws you but does no damage.
The gnoll hits you from afar with a halberd!
* * * LOW HITPOINT WARNING * * *
You closely miss Natasha.
The white imp disappears in a puff of smoke!
Natasha stares at you and mumbles some strange words.
The magic dart hits you!
* * * LOW HITPOINT WARNING * * *
You feel very mighty all of a sudden. You block the gnoll's attack.
Natasha stares at you and mumbles some strange words.
The magic dart hits you!
You die...

.....###.#.##..#####
..................
###............####
#.####.....#.#
##.####.....#.#
............'.#
##.####.....# #.#
#.....# #.####)@...#
########.#..)h#§###
#........#†####g#
#.........g.5.§.#
#.......##.######
#.......##.#
#.......##.#
#.......##+####
#..............


You could see Natasha and a gnoll.

Vanquished Creatures
  A big kobold (Sewer)
  A scorpion (D:4)
  A howler monkey (D:4)
  A hound (D:3)
  Natasha (D:4)
  2 worker ants (D:4)
  3 gnolls
  4 adders
  4 river rats (Sewer)
  5 worms
  3 dart slugs
  4 leopard geckos
  2 orcs
  6 giant cockroaches
  9 goblins
  5 hobgoblins
  2 jackals (Sewer)
  15 kobolds
  A quokka (D:2)
  6 bats
  6 frilled lizards
  7 rats
89 creatures vanquished.

Notes
Turn   | Place    | Note
-------+----------+-------------------------------------------
     0 | D:1      | tatocazan the Troll Fighter began the quest for the Orb.
     0 | D:1      | Reached XP level 1. HP: 22/22 MP: 0/0
    32 | D:1      | Reached skill level 2 in Maces & Flails
   136 | D:1      | Reached XP level 2. HP: 29/29 MP: 1/1
   299 | D:1      | Reached skill level 3 in Maces & Flails
   728 | D:2      | Reached XP level 3. HP: 36/36 MP: 2/2
   850 | D:2      | Found a white marble altar of Elyvilon.
   924 | D:2      | Found a basalt altar of Yredelemnul.
  1201 | D:2      | Reached skill level 4 in Maces & Flails
  1201 | D:2      | Reached XP level 4. HP: 37/44 MP: 3/3
  1621 | D:3      | Found an iron altar of Okawaru.
  1645 | D:3      | Became a worshipper of Warmaster Okawaru
  1929 | D:3      | Found a glowing drain.
  1967 | Sewer    | Entered a sewer
  1985 | Sewer    | Reached XP level 5. HP: 43/50 MP: 4/4
  2066 | Sewer    | Reached skill level 5 in Maces & Flails
  2164 | Sewer    | Found a white marble altar of Elyvilon.
  2339 | D:3      | Found a stormy altar of Qazlal.
  2391 | D:3      | Reached XP level 6. HP: 52/59 MP: 5/5
  2737 | D:4      | Noticed Natasha
  2767 | D:3      | Reached skill level 6 in Maces & Flails
  2913 | D:4      | Reached * piety under Okawaru
  2921 | D:4      | Killed Natasha
  2924 | D:4      | Noticed Natasha
  2953 | D:4      | Killed from afar by Natasha

Vault maps used:
D:1:      lemuel_arrival_behind_the_door_large
D:2:      kennysheep_ying_yang, first_ration
D:3:      marbit_many_paths, cheibrodos_sewer_entry_bend,
          kennysheep_pointless_box, grunt_ministairs_2, mrwooster_statue_mirror,
          st_stairs_8, okawaru_trees_2
D:4:      minmay_diamond_boxcup, regret_index_temple_of_mockery, uniq_natasha
Sewer:    sewer_kobolds

Skill      XL: |  1  2  3  4  5  6 |
---------------+-------------------+-----
Maces & Flails | 2 3 4 5 6 |  6.8
Fighting       | |  2.4
Dodging        | |  2.4
Shields        | |  2.4

Action                   |  1- 3 |  4- 6 || total
-------------------------+-------+-------++-------
Melee: Flail             |   137 |   233 ||   370
  Use: Potion            |       |     5 ||     5
 Stab: Sleeping          |     1 |       ||     1
  Eat: Chunk             |    17 |    12 ||    29
Armor: Robe              |    34 |    87 ||   121
Dodge: Dodged            |    54 |   109 ||   163
Block: Shield            |    85 |   131 ||   216

Table legend:
 A = Spawn XP
 B = Non-spawn XP
 C = Spawn XP percentage of total XP
 D = Spawn monster count
 E = Non-spawn monster count
 F = Spawn count percentage of total count
 G = Total turns spent on level
                    A         B        C        D         E        F      G
               +---------+---------+-------+---------+---------+-------+---------
         Total |       0 |     664 |   0.0 |       0 |      89 |   0.0 |  2953
               +---------+---------+-------+---------+---------+-------+---------
           D:1 |       0 |      39 |   0.0 |       0 |      23 |   0.0 |   679
           D:2 |       0 |      80 |   0.0 |       0 |      20 |   0.0 |   827
           D:3 |       0 |     118 |   0.0 |       0 |      25 |   0.0 |  1036
           D:4 |       0 |     263 |   0.0 |       0 |       9 |   0.0 |   169
         Sewer |       0 |     164 |   0.0 |       0 |      12 |   0.0 |   242
               +---------+---------+-------+---------+---------+-------+---------
